 Dungeon Crawl Stone Soup version 0.24-a0-7-g1bb0902 (webtiles) character file.

Game seed: 5129441624998305912

21 DekuTree the Chucker (level 2, -2/23 HPs)
             Began as a Demonspawn Hunter on Jan 30, 2019.
             Was an Initiate of Gozag.
             Killed by nerve-wracking pain
             ... invoked by a shadow imp
             ... summoned by Natasha
              (11 damage)
             ... on level 2 of the Dungeon.
             The game lasted 00:01:11 (997 turns).

DekuTree the Chucker (Demonspawn Hunter)             Turns: 997, Time: 00:01:11

Health: -2/23      AC:  3    Str: 17    XL:     2   Next: 62%
Magic:  2/2        EV: 12    Int: 17    God:    Gozag
Gold:   60         SH:  0    Dex: 13    Spells: 1/1 levels left

rFire    . . .     SeeInvis .   a - +0 short sword
rCold    . . .     Gourm    .   (no shield)
rNeg     . . .     Faith    .   b - +0 leather armour
rPois    .         Spirit   .   (helmet restricted)
rElec    .         Reflect  .   (no cloak)
rCorr    .         Harm     .   (no gloves)
MR       .....                  (no boots)
Stlth    +.........             (no amulet)
HPRegen  0.07/turn              (no ring)
MPRegen  0.08/turn              (no ring)

@: mighty, brilliant, slowed, very slow
A: antennae 1
a: Potion Petition, Call Merchant, Bribe Branch, Renounce Religion


You were on level 2 of the Dungeon.
You worshipped Gozag.
Gozag was noncommittal.
You were not hungry.

You visited 1 branch of the dungeon, and saw 2 of its levels.

You collected 106 gold pieces.
You paid 46 gold pieces to Gozag.

Inventory:

Hand Weapons
 a - a +0 short sword (weapon)
Missiles
 c - 12 javelins (quivered)
 d - 2 throwing nets
 g - 21 stones
 l - 4 tomahawks
Armour
 b - a +0 leather armour (worn)
Scrolls
 h - a scroll of noise {unknown}
 m - a scroll of amnesia {unknown}
 n - a scroll of identify {unknown}
Potions
 e - a potion of might
 j - 2 potions of haste {unknown}
 k - a potion of curing {unknown}
Comestibles
 f - 2 rations


   Skills:
 + Level 2.4 Fighting
 + Level 3.8 Throwing
 + Level 2.2 Dodging
 - Level 0.8 Stealth


You had one spell level left.
You didn't know any spells.
Your spell library was empty.

Dungeon Overview and Level Annotations

Branches:
Dungeon (2/15)

Altars:
Gozag

Annotations:
D:2 Natasha


Innate Abilities, Weirdness & Mutations

You have a pair of small antennae on your head.


Message History

It was a potion of might.
You feel very mighty all of a sudden. The shadow imp barely misses you.
It was a potion of brilliance.
You feel clever all of a sudden. The shadow imp closely misses you.
Natasha drinks a potion.
Natasha seems to grow stronger.
You puncture the shadow imp!
The shadow imp is almost dead.
The shadow imp misses you. The shadow imp hits you.
You closely miss the shadow imp.
The shadow imp is almost dead.
The shadow imp hits you but does no damage.
The shadow imp hits you.
You closely miss the shadow imp.
The shadow imp is almost dead.
The shadow imp gestures at you. Pain shoots through your body!
You die...
Your body crumbles into a pile of gold.

.. .(### .# ##.##.##< #.#
###.....##. #.#
#...#.#.##. #.#
#.#.....##. #.#
#.......##. #.#
#..........
######.###......<###
#g5@.............###
#h####..............
.######{#####.......######
.......h.....)......#
.......5s.###.......#
#######...# ###...###
#..... #...#
#.............
....S...#.#...


You could see Natasha, a shadow imp and a hobgoblin.

Vanquished Creatures
  A dart slug (D:1)
  2 leopard geckos (D:1)
  A giant cockroach (D:2)
  2 hobgoblins
  A ball python (D:1)
  5 bats (D:1)
  3 frilled lizards
  A kobold (D:1)
  3 rats
19 creatures vanquished.

Notes
Turn   | Place    | Note
-------+----------+-------------------------------------------
     0 | D:1      | DekuTree the Demonspawn Hunter began the quest for the Orb.
     0 | D:1      | Reached XP level 1. HP: 16/16 MP: 1/1
   439 | D:1      | Gained mutation: You have a pair of small antennae on your
                  | head. [demonic ancestry]
   439 | D:1      | Reached XP level 2. HP: 15/22 MP: 2/2
   893 | D:2      | Found an opulent altar of Gozag.
   927 | D:2      | Became a worshipper of Gozag Ym Sagoz the Greedy
   985 | D:2      | Noticed Natasha
   997 | D:2      | Killed from afar by a shadow imp

Vault maps used:
D:1:      dpeg_arrival_tiny_d
D:2:      nicolae_gozag_cash_rules_everything_around_me, uniq_natasha

Skill      XL: |  1 |
---------------+----+-----
Dodging        | 2 |  2.2
Fighting       | |  2.4
Throwing       | |  3.8
Stealth        | |  0.8

Action                   || total
-------------------------++-------
Melee: Short sword       ||    68
  Use: Potion            ||     2
 Stab: Sleeping          ||     2
Armor: Leather armour    ||    32
Dodge: Dodged            ||    62

Table legend:
 A = Non-vault XP
 B = Vault XP
 C = Vault XP percentage of total XP
 D = Non-vault monster count
 E = Vault monster count
 F = Vault count percentage of total count
                 A         B        C        D         E       F
            +---------+---------+-------+---------+---------+-------
      Total |      30 |       0 |   0.0 |      19 |       0 |   0.0
            +---------+---------+-------+---------+---------+-------
        D:1 |      22 |       0 |   0.0 |      13 |       0 |   0.0
        D:2 |       8 |       0 |   0.0 |       6 |       0 |   0.0
            +---------+---------+-------+---------+---------+-------
